 Dungeon Crawl Stone Soup version 0.24.1-14-gf8d2b509d9 (webtiles) character file.

Game seed: 3109975724486912916, levelgen mode: deterministic

460 Bodigarde the Skirmisher (level 6, -1/49 HPs)
             Began as a Mummy Fighter on May 20, 2020.
             Was an Initiate of Okawaru.
             Slain by a centaur (3 damage)
             ... on level 5 of the Dungeon.
             The game lasted 00:18:35 (5122 turns).

Bodigarde the Skirmisher (Mummy Fighter)            Turns: 5122, Time: 00:18:36

Health: -1/49      AC:  9    Str: 21    XL:     6   Next: 78%
Magic:  6/6        EV:  5    Int:  8    God:    Okawaru [......]
Gold:   227        SH:  9    Dex: 11    Spells: 5/5 levels left

rFire    x . .     SeeInvis .   a - +3 flail
rCold    + . .     Gourm    .   c - +0 shield
rNeg     + + +     Faith    .   m - +0 chain mail
rPois    ∞         Spirit   .   (no helmet)
rElec    .         Reflect  .   (no cloak)
rCorr    .         Harm     .   (no gloves)
MR       .....                  (no boots)
Stlth    ..........             (no amulet)
HPRegen  0.16/turn              (no ring)
MPRegen  0.10/turn              (no ring)

@: no status effects
A: no food or potions, fire vulnerability, cold resistance 1, negative energy
resistance 3, torment resistance, unbreathing
a: Renounce Religion


You were on level 5 of the Dungeon.
You worshipped Okawaru.
Okawaru was noncommittal.
You were not hungry.

You visited 2 branches of the dungeon, and saw 6 of its levels.

You collected 227 gold pieces.

Inventory:

Hand Weapons
 a - a +3 flail (weapon)
 b - a +0 hunting sling
Missiles
 d - 177 stones
 k - 47 poisoned darts (quivered)
Armour
 c - a +0 shield (worn)
 m - a +0 chain mail (worn)
Jewellery
 g - an uncursed amulet of regeneration {unknown}
 j - an uncursed ring of see invisible {unknown}
 p - an uncursed ring of protection from cold {unknown}
Scrolls
 e - 3 scrolls of enchant armour {unknown}
 f - 2 scrolls of enchant weapon
 h - 4 scrolls of teleportation
 i - 2 scrolls of identify
 l - a scroll of magic mapping
 n - 2 scrolls of blinking
 o - 4 scrolls of remove curse
 q - 2 scrolls of immolation
 r - a scroll of fog {unknown}


   Skills:
 + Level 4.3 Fighting
 * Level 4.0 Maces & Flails
 + Level 3.5 Armour
 + Level 3.5 Shields


You had 5 spell levels left.
You didn't know any spells.
Your spell library was empty.

Dungeon Overview and Level Annotations

Branches:
Dungeon (5/15)             Temple (1/1) D:4

Altars:
Ashenzari
Cheibriados
Dithmenos
Elyvilon
Gozag
Kikubaaqudgha
Makhleb
Nemelex Xobeh
Okawaru
Qazlal
Ru
Sif Muna
Trog
Uskayaw
Wu Jian
Xom
Yredelemnul
Zin
The Shining One

Annotations:
D:2 Sigmund


Innate Abilities, Weirdness & Mutations

You do not eat or drink.
Your flesh is vulnerable to fire.
You are immune to poison.
Your flesh is cold resistant. (rC+)
You are immune to negative energy. (rN+++)
You are immune to unholy pain and torment.
You can survive without breathing.


Message History

The centaur hits you!
* * * LOW HITPOINT WARNING * * *
The centaur hits you but does no damage.
Unknown command.
Your shield and chain mail prevent you from hitting the centaur.
You block the centaur's attack. The centaur hits you.
* * * LOW HITPOINT WARNING * * *
Unknown command.
You hit the centaur.
The centaur is moderately wounded.
The centaur barely misses you. The centaur hits you.
* * * LOW HITPOINT WARNING * * *
Okay, then.
You hit the centaur but do no damage.
The centaur is moderately wounded.
You block the centaur's attack.
You barely miss the centaur.
The centaur is moderately wounded.
The centaur completely misses you. The centaur hits you.
You die...

#c# #(# ########### #(#
#.........# #.# ####
#.####.##.# #(# ...## #.#
#.##.# #.# ....# #.#
##.##.## ##(## !...# #.#
#......# ##...## ....# #.#
#..##.@#####.....######
...##
#.###..##..c...............
#.##
#..†......########.########
#.# #......##### #.# #.#
##.........# #.# #.#
#.##.####.# ##'## #.#
#.##..# #.# ##...## #.#
#.###.###.# ##.....## ..#
#.........# ##.......## #


You could see a centaur.

Vanquished Creatures
  2 ogres
  A gnoll sergeant (D:4)
  A centaur skeleton (D:4)
  Terence (D:3)
  A worker ant (D:4)
  7 gnolls
  5 adders
  A worm (D:5)
  A dart slug (D:3)
  2 leopard geckos (D:4)
  An orc (D:3)
  6 bats
  4 giant cockroaches
  5 hobgoblins
  3 jackals (D:1)
  4 kobolds
  A ball python (D:3)
  3 frilled lizards
  2 goblins
  A leopard gecko skeleton (D:4)
  3 rats
55 creatures vanquished.

Notes
Turn   | Place    | Note
-------+----------+-------------------------------------------
     0 | D:1      | Bodigarde the Mummy Fighter began the quest for the Orb.
     0 | D:1      | Reached XP level 1. HP: 18/18 MP: 1/1
   114 | D:1      | Reached XP level 2. HP: 20/24 MP: 2/2
   776 | D:2      | Found a stormy altar of Qazlal.
  1094 | D:2      | Noticed an ogre
  1246 | D:2      | Noticed Sigmund
  1300 | D:3      | Noticed Terence
  1313 | D:3      | Killed Terence
  1313 | D:3      | Reached XP level 3. HP: 24/29 MP: 3/3
  1811 | D:1      | Reached XP level 4. HP: 15/35 MP: 4/4
  2850 | D:4      | Reached XP level 5. HP: 41/42 MP: 5/5
  2959 | D:4      | Noticed an ogre
  2970 | D:4      | Killed an ogre
  3004 | D:4      | Found a staircase to the Ecumenical Temple.
  3013 | Temple   | Entered the Ecumenical Temple
  3212 | Temple   | Became a worshipper of Warmaster Okawaru
  3333 | D:4      | Reached XP level 6. HP: 47/48 MP: 6/6
  4549 | D:5      | Entered Level 5 of the Dungeon
  4698 | D:5      | Found a shimmering blue altar of Sif Muna.
  5075 | D:5      | Found a glowing silver altar of Zin.
  5119 | D:5      | HP: 2/49 [centaur (4)]
  5122 | D:5      | Slain by a centaur

Levels and vault maps discovered:
D:1:      tarquinn_simple_flora_water_e, layout_rooms
D:2:      minmay_roachtagon, layout_basic, grunt_qazlal_clouds, first_ration,
          uniq_sigmund
D:3:      layout_basic, uniq_terence
D:4:      layout_cave_pools, minmay_temple_entry_antechambers, lightli_minifort
D:5:      layout_loops_corners, zin_statuary, lemuel_crystal_altar
Temple:   eino_temple_scatter_basement

Skill      XL: |  1  2  3  4  5  6 |
---------------+-------------------+-----
Maces & Flails | 2 3 4 |  4.0
Armour         | 3 |  3.5
Shields        | 3 |  3.5
Fighting       | 4 |  4.3

Action                   |  1- 3 |  4- 6 || total
-------------------------+-------+-------++-------
Melee: Flail             |   111 |   130 ||   241
Throw: Dart              |     9 |    34 ||    43
       Stone             |    12 |       ||    12
  Use: Scroll            |     1 |     6 ||     7
Armor: Scale mail        |    37 |       ||    37
       Chain mail        |    58 |    46 ||   104
Dodge: Dodged            |    40 |    30 ||    70
Block: Shield            |    70 |    78 ||   148
